 Dungeon Crawl Stone Soup version 0.30-a0-595-g91969c0fa5 (webtiles) character file.

Game seed: 1216223997220601289

3124253 MackTheKnife the Wrestler (level 26, 165/165 HPs)
             Began as a Vine Stalker Wanderer on Jan 6, 2023.
             Was the Champion of Jiyva.
             Escaped with the Orb
             ... and 4 runes!
             The game lasted 01:47:16 (43556 turns).

MackTheKnife the Wrestler (Vine Stalker Wanderer)  Turns: 43556, Time: 01:47:16

Health: 165/165    AC: 43    Str: 27    XL:     26   Next: 19%
Magic:  39/39      EV: 23    Int: 24    God:    Jiyva [******]
Gold:   6245       SH:  5    Dex: 25    Spells: 31/48 levels left

rFire   + + .      SeeInvis +      - Unarmed
rCold   + + +      Faith    .    (no shield)
rNeg    . . .      Spirit   +    n - +9 scales of the Dragon King {rPois rF+ rC+ Will+}
rPois   +          Reflect  +    h - +1 helmet of Indecent Exposure {*Slow rPois rF+ rC+}
rElec   .          Harm     .    Q - +2 cloak
rCorr   +          Rampage  .    T - +1 pair of gloves of Mebif {rC+ Int+7 Dex-2}
Will    +++++                    y - +2 pair of boots Stlth
                                 t - amulet of reflection
HPRegen 2.87/turn                b - ring "Daibasen" {EV+5 Dex+3 SInv Stlth+}
MPRegen 0.76/turn                D - ring "Ykuzui" {Will+ Str+2 Int+3 Dex+6}

@: studying Transmutations
A: fangs 3, regeneration 1, magic shield, antimagic bite, no potion heal 2,
claws 1, iridescent scales 1, clever 1, mutation resistance 1, robust 1, strong
1, eyeballs 3, translucent skin 1
0: Orb of Zot
}: 4/15 runes: decaying, slimy, silver, gossamer
a: Renounce Religion, Oozemancy, Slimify


You escaped.
You worshipped Jiyva.
Jiyva was exalted by your worship.
You visited 10 branches of the dungeon, and saw 52 of its levels.
You also visited: Bailey and Desolation.

You collected 6990 gold pieces.
You spent 745 gold pieces at shops.


Innate Abilities, Weirdness & Mutations

You have razor-sharp teeth.
Your natural rate of healing is unusually fast.
When hurt, damage is shared between your health and your magic reserves.
Your bite disrupts and absorbs the magic of your enemies.
Potions cannot restore your health.
You have sharp fingernails.
You are partially covered in iridescent scales. (AC +2)
Your mind is acute. (Int +4, Str/Dex -1)
You are somewhat resistant to further mutation.
You are robust. (+10% HP)
Your muscles are strong. (Str +4, Int/Dex -1)
Your body is covered in eyes which may confuse attackers. (Acc +7, SInv)
Your translucent skin slightly reduces your foes' accuracy. (Stealth+)


   Skills:
 + Level 19.0 Fighting
 - Level 14.7 Armour
 - Level 18.9 Dodging
 - Level 8.8 Stealth
 - Level 3.2 Shields
 + Level 21.9 Unarmed Combat
 - Level 11.8 Spellcasting
 - Level 10.8 Conjurations
 - Level 7.7 Hexes
 - Level 18.1 Transmutations
 - Level 2.0 Air Magic
 - Level 1.7 Evocations


You had 31 spell levels left.
You knew the following spells:

 Your Spells              Type           Power      Damage    Failure   Level
a - Irradiate             Conj/Tmut      35%        3d23      7%          5
b - Blade Hands           Tmut           39%        N/A       1%          5
c - Yara's Violent Unrav  Hex/Tmut       33%        3d14      13%         5
z - Wereblood             Tmut           79%        N/A       1%          2

Your spell library contained the following spells:

 Spells                   Type           Power      Damage    Failure   Level
 Searing Ray              Conj           100%       2d8       1%          2
 Sting                    Tmut/Pois      100%       1d8       2%          1
 Passwall                 Tmut/Erth      45%        N/A       3%          2
 Static Discharge         Conj/Air       90%        2-6/arc   11%         2
 Tukima's Dance           Hex            50%        N/A       12%         3
 Ice Form                 Ice/Tmut       55%        N/A       22%         4
 Ignite Poison            Fire/Tmut/Pois 43%        N/A       24%         3
 Ensorcelled Hibernation  Hex/Ice        64%        N/A       30%         2
 Stone Arrow              Conj/Erth      80%        3d12      30%         3
 Iskenderun's Battlesphe  Conj           60%        2d11      30%         5
 Cause Fear               Hex            25%        N/A       36%         4
 Dragon Form              Tmut           39%        N/A       43%         7
 Mephitic Cloud           Conj/Pois/Air  34%        N/A       45%         3
 Inner Flame              Hex/Fire       32%        N/A       52%         3
 Portal Projectile        Hex/Tloc       64%        N/A       52%         3
 Summon Guardian Golem    Hex/Summ       32%        N/A       52%         3
 Alistair's Intoxication  Tmut/Pois      36%        N/A       54%         5
 Apportation              Tloc           28%        N/A       67%         1
 Sandblast                Erth           28%        2d8       67%         1
 Poisonous Vapours        Pois/Air       36%        N/A       67%         2
 Flame Wave               Conj/Fire      40%        2d11      71%         4
 Iskenderun's Mystic Bla  Conj/Tloc      40%        2d9       71%         4
 Sticky Flame             Conj/Fire      40%        2d6       71%         4
 Cigotuvi's Dreadful Rot  Necr/Pois/Air  34%        N/A       73%         2
 Call Imp                 Summ           14%        N/A       82%         2
 Sublimation of Blood     Necr           14%        N/A       82%         2
 Vhi's Electric Charge    Tloc/Air       36%        N/A       88%         3
 Arcjolt                  Conj/Air       22%        1d32      88%         5
 Lightning Bolt           Conj/Air       22%        1d38      88%         5
 Leda's Liquefaction      Hex/Erth       16%        N/A       89%         4
 Frozen Ramparts          Ice            28%        1d5       96%         3
 Ozocubu's Armour         Ice            14%        N/A       96%         3
 Fireball                 Conj/Fire      20%        3d10      96%         5
 Silence                  Hex/Air        18%        N/A       98%         5
 Eringya's Noxious Bog    Tmut/Pois      27%        N/A       98%         6
 Airstrike                Air            11%        2d(2-18)  99%         4
 Summon Lightning Spire   Summ/Air       18%        N/A       99%         4
 Freezing Cloud           Conj/Ice/Air   17%        6-21      99%         5
 Metabolic Englaciation   Hex/Ice        16%        N/A       99%         5
 Animate Armour           Summ/Erth      28%        N/A       100%        4
 Animate Dead             Necr           14%        N/A       100%        4
 Manifold Assault         Tloc           14%        N/A       100%        4
 Olgreb's Toxic Radiance  Pois           14%        N/A       100%        4
 Summon Ice Beast         Ice/Summ       14%        N/A       100%        4
 Agony                    Necr           14%        N/A       100%        5
 Summon Forest            Summ/Tloc      7%         N/A       100%        5
 Conjure Ball Lightning   Conj/Air       22%        3x3d6     100%        6
 Dispersal                Tloc           7%         N/A       100%        6
 Iron Shot                Conj/Erth      20%        9d5       100%        6
 Simulacrum               Ice/Necr       7%         N/A       100%        6
 Enfeeble                 Hex            25%        N/A       100%        7
 Haunt                    Necr/Summ      7%         N/A       100%        7
 Orb of Destruction       Conj           30%        9d10      100%        7
 Summon Hydra             Summ           7%         N/A       100%        7
 Discord                  Hex            25%        N/A       100%        8
 Disjunction              Tloc           7%         N/A       100%        8
 Infestation              Necr           7%         N/A       100%        8
 Dragon's Call            Summ           7%         N/A       100%        9
 Polar Vortex             Ice            7%         N/A       100%        9
 Shatter                  Erth           7%         3d9*      100%        9

Inventory:

Armour
 h - the +1 helmet of Indecent Exposure (worn) {*Slow rPois rF+ rC+}
   (You acquired it on level 9 of the Dungeon)

   rF:        It protects you from fire.
   rC:        It protects you from cold.
   rPois:     It protects you from poison.
   *Slow:     It may slow you when you take damage.
 n - the +9 scales of the Dragon King (worn) {rPois rF+ rC+ Will+}
   (You found it on level 2 of the Vaults)

   rF:        It protects you from fire.
   rC:        It protects you from cold.
   rPois:     It protects you from poison.
   Will:      It increases your willpower.
 y - a +2 pair of boots (worn)
   (You found it on level 4 of the Dungeon)
 G - +1 fire dragon scales
   (You found it on level 4 of the Depths)
 P - a scarf of resistance
   (You found it on level 3 of the Elven Halls)
 Q - a +2 cloak (worn)
   (You found it on level 12 of the Dungeon)
 T - the +1 pair of gloves of Mebif (worn) {rC+ Int+7 Dex-2}
   (You found it on level 5 of the Pits of Slime)

   Int:       It affects your intelligence (+7).
   Dex:       It affects your dexterity (-2).
   rC:        It protects you from cold.
Jewellery
 b - the ring "Daibasen" (left hand) {EV+5 Dex+3 SInv Stlth+}
   (You found it on level 5 of the Vaults)

   [ring of evasion]

   EV:        It affects your evasion (+5).
   Dex:       It affects your dexterity (+3).
   SInv:      It lets you see invisible.
   Stlth:     It makes you more stealthy.
 i - the ring of the Festooned God {Fly rElec rF+ Will+ Int+3 Slay-5}
   (You found it on level 6 of the Dungeon)

   [ring of willpower]

   Int:       It affects your intelligence (+3).
   Slay:      It affects your accuracy & damage with ranged weapons and melee
   (-5).
   rF:        It protects you from fire.
   rElec:     It insulates you from electricity.
   Fly:       It grants you flight.
   Will:      It increases your willpower.
 m - the ring "Pesse" {rElec rPois rC+ rCorr Str+2}
   (You took it off a centaur warrior on level 4 of the Vaults)

   [ring of resist corrosion]

   Str:       It affects your strength (+2).
   rC:        It protects you from cold.
   rElec:     It insulates you from electricity.
   rPois:     It protects you from poison.
   rCorr:     It protects you from acid and corrosion.
 t - an amulet of reflection (around neck)
   (You found it on level 4 of the Lair of Beasts)
 u - an amulet of magic regeneration {@e2}
   (You took it off a deep elf death mage on level 3 of the Elven Halls)
 D - the ring "Ykuzui" (right hand) {Will+ Str+2 Int+3 Dex+6}
   (You found it in the Desolation of Salt)

   [ring of dexterity]

   Str:       It affects your strength (+2).
   Int:       It affects your intelligence (+3).
   Dex:       It affects your dexterity (+6).
   Will:      It increases your willpower.
 H - the ring "Loinitautt" {rF- rC+ Str+6 Int+5 SInv}
   (You acquired it on level 1 of the Lair of Beasts)

   [ring of strength]

   Str:       It affects your strength (+6).
   Int:       It affects your intelligence (+5).
   rF:        It makes you vulnerable to fire.
   rC:        It protects you from cold.
   SInv:      It lets you see invisible.
 U - the ring "Enkoleri" {rF- rN++ rCorr Str+5}
   (You found it in the Desolation of Salt)

   [ring of resist corrosion]

   Str:       It affects your strength (+5).
   rF:        It makes you vulnerable to fire.
   rN:        It greatly protects you from negative energy.
   rCorr:     It protects you from acid and corrosion.
Wands
 e - a wand of quicksilver (20)
   (You took it off Dowan on level 7 of the Dungeon)
 f - a wand of iceblast (13)
   (You found it on level 11 of the Dungeon)
 k - a wand of digging (11)
   (You found it on level 1 of the Vaults)
 F - a wand of flame (81)
   (You took it off a hobgoblin on level 4 of the Dungeon)
 I - a wand of mindburst (30)
   (You found it on level 4 of the Dungeon)
 K - a wand of paralysis (10)
   (You bought it in a shop on level 4 of the Dungeon)
 R - a wand of polymorph (8)
   (You found it on level 1 of the Elven Halls)
Scrolls
 a - 2 scrolls of silence {!r}
 d - 5 scrolls of fear
 j - 16 scrolls of teleportation {@r4}
 q - 6 scrolls of immolation {!r!r}
 r - a scroll of vulnerability {!r!r}
 x - 2 scrolls of magic mapping {!r}
 C - 9 scrolls of fog
 E - a scroll of blinking {!r}
 J - 5 scrolls of summoning
 N - 2 scrolls of enchant armour
 O - 5 scrolls of poison {!r}
 W - 12 scrolls of identify {@r1}
Potions
 g - 10 potions of attraction {!q}
 l - 2 potions of cancellation
 o - 11 potions of lignification {!q}
 p - 11 potions of flight
 s - 18 potions of curing {@q1}
 v - 8 potions of brilliance
 w - 3 potions of resistance
 z - 4 potions of mutation {!q}
 A - 2 potions of ambrosia
 S - 3 potions of berserk rage {!q}
 V - a potion of magic
 X - 4 potions of haste {@q3}
 Z - a potion of might
Miscellaneous
 c - a piece from Xom's chessboard (15/15)
 B - a box of beasts
   (You found it on level 5 of the Vaults)
 L - a lightning rod (4/4)
   (You found it on level 1 of the Lair of Beasts)
 M - a phantom mirror
   (You found it on level 1 of the Lair of Beasts)
 Y - a condenser vane
   (You found it on level 15 of the Dungeon)

Dungeon Overview and Level Annotations

Branches:
Dungeon (15/15)            Temple (0/1) D:7            Lair (5/5) D:11
  Swamp (4/4) Lair:3       Spider (4/4) Lair:3        Slime (5/5) Lair:5
    Orc (2/2) D:9             Elf (3/3) Orc:2        Vaults (5/5) D:14
  Crypt (0/3) Vaults:3     Depths (4/4) D:15            Zot (5/5) Depths:4
 Bailey (visited)         Desolation (visited)

Altars:
Ashenzari
Dithmenos
Elyvilon
Fedhas
Hepliaklqana
Makhleb
Okawaru
Qazlal
Sif Muna
Trog
Uskayaw
Vehumet
Xom
Yredelemnul
Zin
Jiyva
Lugonu

Shops:
D:4 *   D:10 !   D:14 [   Orc:2 [[?:[**   Vaults:1 =   Vaults:2 ?   Vaults:5 ?

Portals:
Hell: Depths:1 Depths:2 Depths:3 Depths:4
Abyss: Depths:3
Pandemonium: Depths:1 Depths:2
Ziggurat: Depths:3
Trove: Depths:4 (give +4 fire dragon scales)

Annotations:
Lair:4 3 runed translucent doors, Pycos's ghost, journeyman MeCK
Swamp:2 3 runed translucent doors, reggie's ghost, journeyman DrHW
Spider:3 exclusion: orange crystal statue
Slime:5 Royal Jelly
Elf:2 3 runed translucent doors
Depths:2 2 transporters, MackTheKnife's ghost, adept DEWn
Depths:3 2 transporters, exclusions: 2 angels, daeva and 1 more exclusion
Depths:4 1 transporter
Zot:3 1 runed translucent door, Vadaph's ghost, master TrAr
Zot:4 exclusion: 2 upstairs
Zot:5 exclusion: 3 upstairs

#.............)...#######
####..##.#.#.#.###.#....######
.....)#......#.....####......##
♣♣♣...#....###.#.#.########...###
♣P♣P.......#.........# #...)..
....##...###.#.#.#.#.#### #...##.
.P####.........#.#......# #####..
P## #...#.#.###.###.#.#######...
### #...#......@......#.........
..####...#.#.###.###.#.#.........
.......).......#.#...............
.........###.#.#.#.#.###.......#.
...........#.........#.#.......##
#.####...#.###.#.#.###.#.......##
#.# #...#...#.....#...........#
..# #...###.#.###.##.##########
### #...# #.....####.########


There were no monsters in sight!


Message History

There is a stone staircase leading down, spattered with blood here.
Things that are here:
a +0 mace {mace}; a +0 plate armour; a +0 halberd {polearm} You see here a +0 trident {polearm}.
Things that are here:
a +0 ring mail; a +0 heavy spear {polearm} A shadow demon comes into view.
The shadow demon gives a loud, deep croak!
Unknown command. 😎 HP[+29]
Your hp is fully restored (165).
Unknown command.
Unknown command.
Your hands turn into razor-sharp scythe blades.
The +1 pair of gloves of Mebif {rC+ Int+7 Dex-2} melds into your body. 😎 MP[-4]
You lost 4 mp, and now have 35/39 mp.
The shadow demon hits you but does no damage.
You hit the shadow demon. You bite the shadow demon!!
The shadow demon's magic leaks into the air.
You drain its magic.
You feel invigorated. 😎 MP[+4]
Your mp is fully restored (39).
You completely miss the shadow demon. You bite the shadow demon.
The shadow demon's magic leaks into the air.
You drain its magic. The shadow demon misses you.
You slice the shadow demon!! You slash the shadow demon!
You slash the shadow demon.
You kill the shadow demon!
No target in view!
(D) Dungeon (T) Temple (L) Lair (S) Swamp (N) Spider Nest (M) Slime Pits (O) Orcish Mines (E) Elven Halls (V) Vaults (C) Crypt (U) Depths (H) Hell (Z) Zot
Where to? (Enter - D:1, ? - help)
Things that are here:
a +0 robe; a +2 dagger of speed {short}
Things that are here:
a +0 scale mail; a +0 war axe {axe}; a +0 short sword {short} You see here a +0 short sword {short}.
There is a stone staircase leading up here.
You climb upwards.
There is a stone staircase leading down here.
There is a stone staircase leading up here.
You climb upwards.
There is a stone staircase leading down here.
An Orb Guardian comes into view.
Unknown command.
You hit the Orb Guardian but do no damage.
You bite the Orb Guardian, but do no damage.
You shred the Orb Guardian!!! You slash the Orb Guardian!!
You kill the Orb Guardian!
No target in view!
(D) Dungeon (T) Temple (L) Lair (S) Swamp (N) Spider Nest (M) Slime Pits (O) Orcish Mines (E) Elven Halls (V) Vaults (C) Crypt (U) Depths (H) Hell (Z) Zot
Where to? (Enter - D:1, ? - help)
An Orb Guardian comes into view.
You slice the Orb Guardian!! Your bite misses the Orb Guardian.
You block the Orb Guardian's attack.
You shred the Orb Guardian!!! You slash the Orb Guardian.
You kill the Orb Guardian!
No target in view!
(D) Dungeon (T) Temple (L) Lair (S) Swamp (N) Spider Nest (M) Slime Pits (O) Orcish Mines (E) Elven Halls (V) Vaults (C) Crypt (U) Depths (H) Hell (Z) Zot
Where to? (Enter - D:1, ? - help)
A shadow demon comes into view.
There is a stone staircase leading up here.
You climb upwards.
Your transformation is almost over.
There is a stone staircase leading down here.
(D) Dungeon (T) Temple (L) Lair (S) Swamp (N) Spider Nest (M) Slime Pits (O) Orcish Mines (E) Elven Halls (V) Vaults (C) Crypt (U) Depths (H) Hell (Z) Zot
Where to? (Enter - D:1, ? - help)
What level of the Dungeon? (default 1, ? - help)
There is an open door here.
Your claws revert to their normal proportions.
The +1 pair of gloves of Mebif {rC+ Int+7 Dex-2} unmelds from your body.
There is a stone staircase leading up here.
You climb upwards.
There is a stone staircase leading down here.
There is a stone staircase leading up here.
You climb upwards.
There is a stone staircase leading down here.
There is a stone staircase leading up here.
You climb upwards.
There is a stone staircase leading down here.
(D) Dungeon (T) Temple (L) Lair (S) Swamp (N) Spider Nest (M) Slime Pits (O) Orcish Mines (E) Elven Halls (V) Vaults (C) Crypt (U) Depths (H) Hell (Z) Zot
Where to? (Enter - D:1, ? - help)
Okay, then.
There is a staircase leading out of the dungeon here.
You have escaped!

Skill      XL: |  1  2  3  4  5  6  7  8  9 10 11 12 13 14 15 16 17 18 19 20 21 22 23 24 25 26 |
---------------+-------------------------------------------------------------------------------+-----
Fighting       | 2 3 4 5 7 10 12 14 15 17 18 19 | 19.0
Unarmed Combat | 4 5 7 8 9 11 12 14 15 17 18 20 21 | 21.9
Stealth        | 8 |  8.8
Dodging        | 1 5 8 10 11 15 18 | 18.9
Conjurations   | 4 8 10 | 10.8
Transmutations | 4 8 10 11 14 15 18 | 18.1
Spellcasting   | 5 6 11 | 11.8
Shields        | 3 |  3.2
Armour         | 4 10 11 14 | 14.7
Hexes          | 2 7 |  7.7
Air Magic      | |  2.0
Evocations     | |  1.7

Action                   |  1- 3 |  4- 6 |  7- 9 | 10-12 | 13-15 | 16-18 | 19-21 | 22-24 | 25-27 || total
-------------------------+-------+-------+-------+-------+-------+-------+-------+-------+-------++-------
Melee: Unarmed           |   115 |   167 |   292 |   608 |  1082 |  1062 |   960 |   982 |   314 ||  5582
       Bite              |    21 |    48 |    87 |   198 |   429 |   438 |   459 |   449 |   176 ||  2305
       Punch             |     3 |     5 |    19 |    48 |   130 |   121 |   168 |   179 |    74 ||   747
       Pseudopods        |       |       |       |       |    11 |    39 |       |   197 |       ||   247
       Headbutt          |       |       |       |       |       |       |   286 |   231 |       ||   517
 Cast: Irradiate         |       |       |       |       |    14 |    23 |     6 |       |       ||    43
       Blade Hands       |       |       |       |       |     7 |    82 |    54 |    68 |    18 ||   229
       Wereblood         |       |       |       |       |       |       |       |    35 |    12 ||    47
Invok: Shadow Step       |       |       |       |       |     1 |       |       |       |       ||     1
       Oozemancy         |       |       |       |       |       |     1 |       |       |       ||     1
Evoke: Piece from Xom's  |       |     8 |       |       |       |       |       |       |       ||     8
       Wand              |       |     2 |     3 |    26 |       |       |     2 |     1 |     4 ||    38
       Phantom mirror    |       |       |       |       |     1 |       |     1 |     1 |       ||     3
       Lightning rod     |       |       |       |       |     3 |       |       |       |       ||     3
       Condenser vane    |       |       |       |       |       |     2 |     7 |     2 |     1 ||    12
  Use: Scroll            |       |     1 |     8 |    17 |     9 |       |     3 |    15 |     1 ||    54
       Potion            |       |       |     2 |       |     1 |     1 |       |       |     5 ||     9
 Stab: Sleeping          |     1 |       |     1 |    16 |    27 |     7 |     3 |       |       ||    55
       Paralysed         |       |     7 |     6 |    21 |       |       |       |       |       ||    34
       Distracted        |       |       |       |     4 |     2 |     4 |     1 |       |     1 ||    12
       Petrifying        |       |       |       |       |     1 |       |       |       |       ||     1
       Petrified         |       |       |       |       |     1 |       |       |       |       ||     1
       Confused          |       |       |       |       |       |     3 |     8 |       |     4 ||    15
Armor: Leather armour    |    28 |    23 |       |    17 |       |       |       |       |       ||    68
       Ring mail         |       |    32 |   139 |    68 |       |       |       |       |       ||   239
       Acid dragon scale |       |       |       |    67 |     1 |       |       |       |       ||    68
       Quicksilver drago |       |       |       |       |   274 |   406 |    86 |       |       ||   766
       Gold dragon scale |       |       |       |       |       |       |   385 |   430 |    82 ||   897
Dodge: Dodged            |    68 |    93 |   172 |   501 |   995 |  1269 |   537 |   589 |   164 ||  4388
Block: Other             |       |       |       |       |   221 |   276 |   180 |   148 |    47 ||   872
       Reflection        |       |       |       |       |    10 |     4 |    16 |     7 |       ||    37

Levels and vault maps discovered:
D:1:      roderic_chinese_lattice_arrival, layout_loops_cross, serial_forest,
          infiniplex_forest_end_1, infiniplex_forest_straight_3,
          infiniplex_forest_lined_3_way, infiniplex_forest_zigzag_2,
          infiniplex_forest_clump_tiny, infiniplex_forest_clump_curved,
          infiniplex_forest_lined_room_, infiniplex_forest_straight_2
D:2:      layout_rooms
D:3:      layout_basic, nicolae_hepliaklqana_hippocampus,
          shapermc_ecumenical_altar_hornbeckon
D:4:      layout_basic, cheibrodos_ashenzari_chains,
          mainiacjoe_overflow_alcove_3, nicolae_shop_gadgets, uniq_robin,
          uniq_pikel
D:5:      layout_cave_pods, uniq_grinder
D:6:      layout_basic, mainiacjoe_overflow_alcove_4
D:7:      layout_loops_cross, minmay_temple_entry_enclosed_plants,
          hangedman_glass_teeth, uniq_duvessa
D:8:      layout_gridville, elyvilon_altar_3, mainiacjoe_overflow_boulevard,
          enter_ossuary_4, corexii_checkpoint_a, uniq_gastronok, uniq_maggie
D:9:      kennysheep_windowed_halls, layout_rooms, kennysheep_mini_moat,
          orc_0_dummy
D:10:     layout_rooms, vehumet_altar_wand_db, mainiacjoe_overflow_alcove_2,
          trog_wizard, serial_shops, nicolae_shop_behind_doors, serial_rivers,
          chequers_serial_rivers_marsh, chequers_serial_rivers_room_b,
          chequers_serial_rivers_small_a, chequers_serial_rivers_micro_b,
          chequers_serial_rivers_small_b, enter_bailey_2, kennysheep_potato
D:11:     kennysheep_blocky_hall, layout_stronghold,
          due_lair_maze_entry_diamond, uniq_amaemon
D:12:     layout_loops_ring, minmay_fractal_squares_gapless_7, uniq_psyche
D:13:     layout_layer_cave, fedhas_altar_1
D:14:     layout_loops_ring, david_vaults_3, serial_bayou_shore_b, serial_shops,
          nicolae_take_the_stairs, serial_glass, glass_columns_a,
          glass_columns_a
D:15:     hangedman_depths_entry_civil_slaughter, layout_cave_pods,
          minmay_misc_feat_chi
Lair:1:   layout_cave_pods
Lair:2:   layout_layer_cave, grunt_megastairs_2
Lair:3:   layout_cave_pods, swamp_mist, spider_nest_entry_rubble
Lair:4:   layout_cave_pods, maelrawn_ghost_gauntlet_escape,
          minmay_shattered_shrine
Lair:5:   grunt_lair_end_beastmaster, layout_big_grid,
          nicolae_slime_entry_field_trip, serial_bayou_shore_b,
          grunt_megastairs_3
Swamp:1:  layout_basic_swamp, evilmike_swamp_ruin_house_4
Swamp:2:  layout_basic_swamp, gammafunk_ghost_split, nicolae_swamp_fairy_circle,
          swamp_pool5, uniq_kirke, uniq_louise
Swamp:3:  layout_basic_swamp, serial_swamp_ruin, evilmike_swamp_ruin_rubble_2,
          evilmike_swamp_ruin_house_5, evilmike_swamp_ruin_rubble_1
Swamp:4:  swamp_alternative, layout_basic_swamp
Spider:1: layout_chambers
Spider:2: layout_spider_delve, nicolae_spider_claw_tunnel, uniq_jorgrun
Spider:3: gammafunk_sealed_arena, nicolae_spider_altar_of_dancing, uniq_agnes
Spider:4: hellmonk_spider_rune_bug_friends, nicolae_looking_at_the_future
Slime:1:  layout_caves, basic_altar
Slime:2:  layout_caves, nicolae_slime_welcoming_committee
Slime:3:  layout_caves
Slime:4:  layout_caves
Slime:5
Orc:1:    layout_caves
Orc:2:    hellmonk_orc_salted, layout_diamond_mine, serial_shops,
          nicolae_shop_temple_entry_statues_fountains, nicolae_specific_store
Elf:1:    minmay_elf_arrival_summoners, layout_geoelf_octagon,
          minmay_elf_demonology, minivault_16, due_unseen_surprise, uniq_aizul
Elf:2:    nicolae_elf_blades_crystal_corner, layout_geoelf_grid, serial_glass,
          glass_columns_a, glass_columns_b,
          portal_desolation_entry_nicolae_slug,
          nicolae_elf_glass_and_crystal_pillar_2, nicolae_elf_w_pinch,
          minivault_13, uniq_nikola
Elf:3:    minmay_elf_hall_furrowed, layout_rooms
Vaults:1: ebering_ghost_disaster_area, nicolae_vaults_windows_and_doors_thing,
          v_misc_25, nicolae_vaults_little_squares_6,
          nicolae_vaults_specimen_jars, ontoclasm_vaults_ligature, v_pattern_1,
          v_misc_2, ontoclasm_vaults_idyll, nicolae_vaults_yaktaur_gun_rack,
          hangedman_vaults_slice, layout_vaults_omnicross, serial_shops,
          shop_statue
Vaults:2: minmay_guarded_unrand_guard_vaults, vaults_dpeg_encased_lava,
          v_misc_4, vaults_room_corners, hangedman_vaults_capsules,
          layout_vaults_omnigrid, serial_shops, shop, uniq_zenata
Vaults:3: minmay_crypt_entry_skeletal_spiral, ontoclasm_vaults_tryst,
          hangedman_vaults_cutoff, vaults_standard_mumra_enter_the_diamond,
          grunt_vaults_twisty, vaults_room_hallway, hangedman_vaults_trim,
          layout_vaults_chaotic_city, uniq_frederick
Vaults:4: serial_ice_h, v_misc_18, nicolae_vaults_big_ls, vaults_dpeg_ring,
          ontoclasm_vaults_hangar, vaults_room_corners, v_misc_18,
          nicolae_vaults_what_the_h, nicolae_vaults_disjoint_gnomons,
          vaults_room_stairs_pillars, v_alt_pattern_1, ontoclasm_vaults_gateway,
          layout_vaults_maze
Vaults:5
Depths:1: layout_roguey, serial_bayou_pond_b, grunt_pan_entry_sceptre,
          grunt_hell_entry_demonic_statue, minmay_misc_feat_five,
          minmay_orc_keep, grunt_megastairs_4
Depths:2: cheibrodos_lost_city_excavation, layout_long_grid, pan_entry,
          gammafunk_ghost_smash, hell_entry
Depths:3: gammafunk_corrupted_shrine, layout_small_grid, enter_ziggurat_c,
          hell_entry, nicolae_abyss_entry_one_way_or_another
Depths:4: evilmike_zot_entry_basic, layout_basic,
          gammafunk_ghost_abyssal_escape, nicolae_trove_entry_free_sample,
          rand_demon_pan_entry_1, hangedman_coc_ice_floe, abyss_entry,
          serial_shops, nicolae_inconvenience_store, xom_confusion_cloud
Zot:1:    layout_basic, grunt_ministairs_3, hangedman_hellfire_club
Zot:2:    layout_twisted_circle
Zot:3:    layout_concentric_octagons, ebering_ghost_xom, lemuel_elevator
Zot:4:    layout_onion_interference, ebering_ghost_disaster_area
Zot:5:    layout_misc_corridors

Notes
Turn   | Place    | Note
-------+----------+-------------------------------------------
     0 | D:1      | MackTheKnife the Vine Stalker Wanderer began the quest for
                  | the Orb.
     0 | D:1      | MackTheKnife set off with the following items: a +0 club
                  | {mace}, a potion of might, a piece from Xom's chessboard
                  | (15/15), a scroll of fear, a +0 leather armour, a scroll of
                  | summoning; and the following spells available to memorise:
                  | Poisonous Vapours, Cigotuvi's Dreadful Rot.
     0 | D:1      | Reached XP level 1. HP: 10/10 MP: 3/3
     0 | D:1      | magus.rc [v1.9.6]
   142 | D:1      | Reached XP level 2. HP: 14/14 MP: 4/4
   494 | D:1      | Reached XP level 3. HP: 18/18 MP: 3/5
   581 | D:1      | Reached skill level 2 in Fighting
  1156 | D:2      | Reached skill level 4 in Unarmed Combat
  1156 | D:2      | Gained mutation: Your natural rate of healing is unusually
                  | fast. [Vine Stalker growth]
  1156 | D:2      | Reached XP level 4. HP: 12/23 MP: 4/6
  1367 | D:3      | Noticed a black bear
  1419 | D:3      | Killed a black bear
  1420 | D:3      | Reached skill level 3 in Fighting
  1420 | D:3      | Reached XP level 5. HP: 28/28 MP: 7/7
  1529 | D:3      | Found a faded altar of an unknown god.
  1580 | D:3      | Prayed at the altar of an unknown god.
  1580 | D:3      | Became a worshipper of Dithmenos the Shadowed
  1580 | D:3      | Reached * piety under Dithmenos
  1831 | D:3      | Found a hazy altar of Hepliaklqana.
  2024 | D:4      | Noticed Robin
  2059 | D:4      | Killed Robin
  2128 | D:4      | Found a broken altar of Ashenzari.
  2153 | D:4      | Noticed a black bear
  2168 | D:4      | Killed a black bear
  2169 | D:4      | Reached skill level 4 in Fighting
  2169 | D:4      | Reached skill level 5 in Unarmed Combat
  2169 | D:4      | Reached XP level 6. HP: 33/33 MP: 6/8
  2610 | D:4      | Found a shimmering altar of Xom.
  2612 | D:4      | Found a shimmering blue altar of Sif Muna.
  2614 | D:4      | Found a glowing silver altar of Zin.
  2615 | D:4      | Found a basalt altar of Yredelemnul.
  2653 | D:4      | Reached ** piety under Dithmenos
  2825 | D:4      | Found Yfabaiketi's Gadget Gallery.
  2826 | D:4      | Noticed Pikel
  2860 | D:4      | Reached XP level 7. HP: 34/38 MP: 7/9
  2922 | D:4      | Killed Pikel
  2923 | D:4      | Reached skill level 5 in Fighting
  2923 | D:4      | Reached skill level 7 in Unarmed Combat
  2923 | D:4      | Gained mutation: You have razor-sharp teeth. [Vine Stalker
                  | growth]
  2923 | D:4      | Reached XP level 8. HP: 44/44 MP: 10/10
  2934 | D:4      | Bought a wand of paralysis (4) for 96 gold pieces
  3105 | D:5      | Entered Level 5 of the Dungeon
  3156 | D:5      | You pick up a book of Winter and begin reading...
  3156 | D:5      | You add the spells Ozocubu's Armour, Metabolic Englaciation
                  | and Simulacrum to your library.
  3333 | D:5      | Reached skill level 6 in Fighting
  3417 | D:5      | You pick up a book of the Spheres and begin reading...
  3417 | D:5      | You add the spells Iskenderun's Battlesphere, Fireball,
                  | Conjure Ball Lightning and Orb of Destruction to your
                  | library.
  3593 | D:5      | Noticed Grinder
  3603 | D:5      | Killed Grinder
  3604 | D:5      | Reached skill level 8 in Unarmed Combat
  4019 | D:6      | Reached skill level 7 in Fighting
  4052 | D:6      | Reached XP level 9. HP: 46/50 MP: 11/11
  4394 | D:6      | Reached skill level 2 in Stealth
  4454 | D:6      | Reached skill level 3 in Stealth
  4547 | D:6      | Reached *** piety under Dithmenos
  4575 | D:6      | Reached skill level 4 in Stealth
  4580 | D:6      | Identified the ring of the Festooned God {Fly rElec rF+
                  | Will+ Int+3 Slay-5}
  4728 | D:6      | Found a burning altar of Makhleb.
  4902 | D:6      | Reached skill level 5 in Stealth
  4949 | D:6      | Reached skill level 6 in Stealth
  5163 | D:7      | Reached skill level 7 in Stealth
  5314 | D:6      | Reached skill level 8 in Stealth
  5363 | D:7      | Found a staircase to the Ecumenical Temple.
  5813 | D:7      | Noticed Duvessa
  5824 | D:7      | Killed Duvessa
  5918 | D:7      | Noticed Dowan
  5925 | D:7      | Killed Dowan
  5926 | D:7      | Reached skill level 1 in Dodging
  5958 | D:8      | Found an iron altar of Okawaru.
  6007 | D:7      | Reached skill level 9 in Unarmed Combat
  6008 | D:7      | Reached **** piety under Dithmenos
  6008 | D:7      | HP: 12/50 [poisoned by a killer bee]
  6010 | D:7      | HP: 4/50 [poisoned by a killer bee]
  6016 | D:7      | Reached XP level 10. HP: 9/55 MP: 5/12
  6017 | D:7      | HP: 8/55 [killer bee (2)]
  6021 | D:7      | Reached skill level 2 in Dodging
  6022 | D:7      | HP: 7/55 [poisoned by a killer bee]
  6027 | D:7      | HP: 8/55 [poisoned by a killer bee]
  6083 | D:8      | You are sucked into a shaft and drop 3 floors!
  6259 | D:11     | Reached skill level 3 in Dodging
  6349 | D:11     | Noticed a kobold demonologist
  6415 | D:11     | Noticed an orange demon
  6645 | D:11     | Noticed a two-headed ogre
  6668 | D:11     | Killed a two-headed ogre
  6669 | D:11     | Reached skill level 4 in Dodging
  6669 | D:11     | Reached skill level 10 in Unarmed Combat
  6674 | D:11     | Noticed a white ugly thing
  6674 | D:11     | Noticed a green ugly thing
  6681 | D:11     | Killed a green ugly thing
  6685 | D:11     | Killed a white ugly thing
  6695 | D:11     | Reached skill level 5 in Dodging
  6767 | D:10     | Entered Level 10 of the Dungeon
  6878 | D:10     | Noticed a two-headed ogre
  6880 | D:10     | Found a flagged portal.
  6886 | D:10     | Killed a two-headed ogre
  6887 | D:10     | Reached skill level 11 in Unarmed Combat
  6889 | D:10     | Reached XP level 11. HP: 58/58 MP: 13/13
  6899 | Bailey   | Entered a bailey
  6978 | Bailey   | Noticed an orc knight
  6999 | Bailey   | Killed an orc knight
  7000 | Bailey   | Reached skill level 6 in Dodging
  7057 | Bailey   | Noticed an orc knight
  7092 | Bailey   | Killed an orc knight
  7121 | Bailey   | Reached ***** piety under Dithmenos
  7171 | Bailey   | Noticed an orc warlord
  7192 | Bailey   | Killed an orc warlord
  7276 | Bailey   | Reached skill level 12 in Unarmed Combat
  7443 | Bailey   | You pick up a book of Transfigurations {@e2} and begin
                  | reading...
  7443 | Bailey   | You add the spells Irradiate, Blade Hands and Dragon Form
                  | to your library.
  7471 | Bailey   | Learned a level 5 spell: Irradiate
  7514 | D:10     | Reached skill level 7 in Dodging
  7573 | D:10     | Found a bloodstained altar of Trog.
  7687 | D:10     | Found Iceotuo's Distillery.
  7690 | D:10     | Bought a potion of mutation for 96 gold pieces
  7921 | D:10     | Noticed a wizard
  7925 | D:10     | Killed a wizard
  8028 | D:10     | Found a radiant altar of Vehumet.
  8045 | D:10     | Found a blossoming altar of Fedhas.
  8201 | D:9      | Acquired the +1 helmet of Indecent Exposure {*Slow rPois
                  | rF+ rC+}
  8213 | D:9      | Found a staircase to the Orcish Mines.
  8220 | D:9      | Noticed a two-headed ogre
  8292 | D:9      | Killed a two-headed ogre
  8307 | D:9      | Found a stormy altar of Qazlal.
  8673 | D:9      | Reached skill level 8 in Dodging
  8688 | D:9      | Reached XP level 12. HP: 63/63 MP: 14/14
  8797 | D:9      | Reached skill level 13 in Unarmed Combat
  8815 | D:9      | Noticed a centaur warrior
  8832 | D:9      | Killed a centaur warrior
  8920 | D:9      | Noticed a two-headed ogre
  8929 | D:9      | Killed a two-headed ogre
  9080 | D:8      | Noticed Gastronok
  9121 | D:9      | Reached ****** piety under Dithmenos
  9131 | D:8      | Noticed a two-headed ogre
  9194 | D:8      | Found a white marble altar of Elyvilon.
  9205 | D:8      | Reached skill level 9 in Dodging
  9248 | D:8      | Noticed Maggie
  9260 | D:8      | Killed Maggie
  9291 | D:8      | Killed a two-headed ogre
  9358 | D:8      | Killed Gastronok
  9362 | D:8      | You pick up a book of Winter and begin reading...
  9430 | D:8      | Reached skill level 14 in Unarmed Combat
  9808 | D:11     | Found a staircase to the Lair.
 10056 | D:11     | You pick up a book of Vapours and begin reading...
 10178 | D:11     | Noticed Amaemon
 10189 | D:11     | Killed Amaemon
 10236 | Lair:1   | Entered Level 1 of the Lair of Beasts
 10507 | Lair:1   | Acquired the ring "Loinitautt" {rF- rC+ Str+6 Int+5 SInv}
 11015 | Lair:2   | Noticed a death yak
 11016 | Lair:2   | Noticed a death yak
 11016 | Lair:2   | Noticed a death yak
 11017 | Lair:2   | Noticed a death yak
 11017 | Lair:2   | Noticed a death yak
 11018 | Lair:2   | Noticed a death yak
 11035 | Lair:1   | Killed a death yak
 11036 | Lair:1   | Reached skill level 10 in Dodging
 11085 | Lair:2   | Reached XP level 13. HP: 68/68 MP: 15/15
 11092 | Lair:2   | Reached skill level 8 in Fighting
 11246 | Lair:2   | G - quicksilver dragon scales {rare}
 11265 | Lair:2   | You finish putting on your quicksilver dragon scales
                  | {rare}.
 11569 | Lair:2   | Reached skill level 9 in Fighting
 11856 | Lair:2   | Reached skill level 10 in Fighting
 11893 | Lair:2   | You pick up a book of Vapours and begin reading...
 12325 | Lair:3   | Reached skill level 1 in Conjurations
 12325 | Lair:3   | Reached skill level 1 in Transmutations
 12374 | Lair:3   | Found a staircase to the Swamp.
 12403 | Lair:3   | Reached skill level 2 in Spellcasting
 12471 | Lair:3   | Reached skill level 2 in Conjurations
 12471 | Lair:3   | Reached skill level 2 in Transmutations
 12500 | Lair:3   | Reached skill level 3 in Spellcasting
 12751 | Lair:3   | Reached skill level 3 in Conjurations
 12751 | Lair:3   | Reached skill level 3 in Transmutations
 12814 | Lair:3   | Found a hole to the Spider Nest.
 12884 | Lair:3   | You pick up a book of Ice and begin reading...
 12884 | Lair:3   | You add the spells Freezing Cloud and Polar Vortex to your
                  | library.
 13277 | Lair:4   | Noticed a minotaur
 13281 | Lair:4   | Noticed Pycos's ghost (journeyman MeCK)
 13294 | Lair:4   | Reached skill level 4 in Spellcasting
 13319 | Lair:4   | Reached skill level 4 in Conjurations
 13319 | Lair:4   | Reached skill level 4 in Transmutations
 13368 | Lair:4   | Found a runed translucent gate.
 13368 | Lair:4   | Found a runed translucent gate.
 13368 | Lair:4   | Found a runed translucent gate.
 13516 | Lair:4   | You add the spells Sting and Olgreb's Toxic Radiance to
                  | your library.
 13829 | Lair:4   | Reached skill level 5 in Spellcasting
 13829 | Lair:4   | Reached XP level 14. HP: 58/77 MP: 15/22
 13955 | Lair:4   | You pick up a book of Weapons and begin reading...
 13955 | Lair:4   | You add the spells Tukima's Dance and Portal Projectile to
                  | your library.
 13963 | Lair:4   | Reached skill level 5 in Conjurations
 13963 | Lair:4   | Reached skill level 5 in Transmutations
 14295 | Lair:5   | Entered Level 5 of the Lair of Beasts
 14515 | Lair:5   | Reached skill level 6 in Spellcasting
 14554 | Lair:5   | Reached skill level 6 in Conjurations
 14554 | Lair:5   | Reached skill level 6 in Transmutations
 14868 | Lair:5   | Found a viscous altar of Jiyva.
 14948 | Lair:5   | You pick up a book of Storms and begin reading...
 14948 | Lair:5   | You add the spells Airstrike, Summon Lightning Spire and
                  | Lightning Bolt to your library.
 14986 | Lair:5   | Reached skill level 7 in Conjurations
 14986 | Lair:5   | Reached skill level 7 in Transmutations
 15265 | Lair:5   | You pick up a book of the Dragon and begin reading...
 15265 | Lair:5   | You add the spells Cause Fear and Dragon's Call to your
                  | library.
 15319 | Lair:5   | Found a staircase to the Slime Pits.
 15447 | Lair:5   | Reached skill level 8 in Conjurations
 15447 | Lair:5   | Reached skill level 8 in Transmutations
 15467 | Lair:5   | Noticed a dire elephant
 15484 | Lair:5   | Killed a dire elephant
 15504 | Lair:5   | You pick up a book of Misfortune and begin reading...
 15504 | Lair:5   | You add the spells Yara's Violent Unravelling and Enfeeble
                  | to your library.
 15715 | Orc:1    | Entered Level 1 of the Orcish Mines
 15874 | Orc:2    | Entered Level 2 of the Orcish Mines
 15947 | Orc:2    | Found a staircase to the Elven Halls.
 16041 | Orc:2    | Found Utwiwotz's Armour Emporium.
 16064 | Orc:2    | Reached XP level 15. HP: 80/80 MP: 26/26
 16078 | Orc:2    | Found Feff's General Store.
 16098 | Orc:2    | Found Gaec's Specific Store.
 16357 | Orc:2    | Reached skill level 9 in Conjurations
 16357 | Orc:2    | Reached skill level 9 in Transmutations
 16539 | Orc:2    | Found Koudgham's Antique Armour Shoppe.
 16555 | Orc:2    | Noticed an orc warlord
 16556 | Orc:2    | Found Zaciusos's Magic Scroll Shoppe.
 16648 | Orc:2    | Killed an orc warlord
 16728 | Orc:2    | Bought a scroll of blinking for 112 gold pieces
 16728 | Orc:2    | Bought a scroll of blinking for 112 gold pieces
 16741 | Orc:2    | Found Xuple's Armour Shoppe.
 16770 | Orc:2    | Reached skill level 10 in Conjurations
 16772 | Orc:2    | Reached skill level 10 in Transmutations
 16806 | Orc:2    | Found Cesayme's Book Boutique.
 17251 | D:9      | magus.rc [v1.9.6]
 17393 | Lair:5   | magus.rc [v1.9.6]
 17393 | Lair:5   | Fell from the grace of Dithmenos
 17393 | Lair:5   | Became a worshipper of Jiyva Juduoch the Shapeless
 17950 | D:12     | Noticed Psyche
 17955 | D:12     | Killed Psyche
 18038 | D:12     | Reached * piety under Jiyva
 18452 | D:13     | Reached ** piety under Jiyva
 18487 | D:13     | Reached skill level 1 in Shields
 18487 | D:13     | Identified a +0 crystal plate armour
 18488 | D:13     | T - a +0 crystal plate armour {rare=g}
 18684 | D:13     | Reached skill level 1 in Armour
 18726 | D:13     | Found a blossoming altar of Fedhas.
 19017 | D:13     | Reached *** piety under Jiyva
 19101 | D:13     | Reached skill level 2 in Shields
 19268 | D:13     | Reached skill level 2 in Armour
 19529 | D:13     | Learned a level 5 spell: Blade Hands
 19607 | D:14     | Reached skill level 3 in Shields
 19676 | D:14     | Reached skill level 3 in Armour
 19721 | D:14     | Gained mutation: Armour fits poorly on your pseudopods.
                  | [Jiyva's grace]
 19721 | D:14     | Gained mutation: Armour fits poorly on your large
                  | pseudopods. [Jiyva's grace]
 19721 | D:14     | Gained mutation: Armour fits poorly on your massive
                  | pseudopods. [Jiyva's grace]
 19721 | D:14     | Gained mutation: Your body has grown eyes which may confuse
                  | attackers. (Acc +3) [Jiyva's grace]
 19834 | D:14     | Found a gate to the Vaults.
 19864 | D:14     | Reached skill level 4 in Armour
 19914 | D:14     | Reached XP level 16. HP: 85/85 MP: 27/27
 19986 | D:14     | Found Atapaorch's Armour Shoppe.
 19996 | D:14     | Reached **** piety under Jiyva
 20240 | D:15     | Entered Level 15 of the Dungeon
 20275 | D:15     | Reached skill level 5 in Armour
 20443 | D:15     | Reached skill level 6 in Armour
 20645 | D:15     | Found a staircase to the Depths.
 20689 | D:15     | Reached skill level 7 in Armour
 20840 | D:15     | Reached ***** piety under Jiyva
 20989 | D:15     | Noticed a Tzitzimitl
 20998 | D:15     | Killed a Tzitzimitl
 21240 | Swamp:1  | Entered Level 1 of the Swamp
 21241 | Swamp:1  | magus.rc [v1.9.6]
 21243 | Lair:3   | magus.rc [v1.9.6]
 21301 | Spider:1 | Entered Level 1 of the Spider Nest
 21464 | Spider:1 | Reached skill level 8 in Armour
 21542 | Spider:1 | Lost mutation: Armour fits poorly on your massive
                  | pseudopods. [Jiyva's grace]
 21542 | Spider:1 | Gained mutation: Your translucent skin slightly reduces
                  | your foes' accuracy. (Stealth+) [Jiyva's grace]
 21542 | Spider:1 | Gained mutation: Your translucent skin reduces your foes'
                  | accuracy. (Stealth+) [Jiyva's grace]
 21542 | Spider:1 | Gained mutation: Your transparent skin significantly
                  | reduces your foes' accuracy. (Stealth+) [Jiyva's grace]
 21542 | Spider:1 | Gained mutation: You have a pair of small antennae on your
                  | head. [Jiyva's grace]
 21702 | Spider:1 | Lost mutation: Armour fits poorly on your large pseudopods.
                  | [potion of mutation]
 21702 | Spider:1 | Lost mutation: Armour fits poorly on your pseudopods.
                  | [potion of mutation]
 21702 | Spider:1 | Lost mutation: You have a pair of small antennae on your
                  | head. [potion of mutation]
 21702 | Spider:1 | Gained mutation: You expend magic power (3 MP) to
                  | strengthen your wands. [potion of mutation]
 21702 | Spider:1 | Lost mutation: Your body has grown eyes which may confuse
                  | attackers. (Acc +3) [potion of mutation]
 21702 | Spider:1 | Gained mutation: You possess an exceptional clarity of
                  | mind. [potion of mutation]
 21956 | Spider:1 | Reached skill level 9 in Armour
 22281 | Spider:1 | Noticed a Tzitzimitl
 22289 | Spider:1 | Killed a Tzitzimitl
 22647 | Spider:2 | Noticed Jorgrun
 22813 | Spider:1 | Killed Jorgrun
 22814 | Spider:1 | Reached skill level 10 in Armour
 23022 | Spider:2 | Reached XP level 17. HP: 78/89 MP: 28/28
 23197 | Spider:2 | Reached skill level 11 in Armour
 23345 | Spider:3 | Found a transporter.
 23362 | Spider:3 | Noticed Agnes
 23363 | Spider:3 | Found a transporter.
 23422 | Spider:3 | You pick up a book of Party Tricks and begin reading...
 23422 | Spider:3 | You add the spells Apportation and Alistair's Intoxication
                  | to your library.
 23503 | Spider:3 | Found a hide-covered altar of Uskayaw.
 23847 | Spider:3 | Reached skill level 11 in Fighting
 23908 | Spider:3 | Reached ****** piety under Jiyva
 23917 | Spider:3 | You pick up a book of Lightning and begin reading...
 23917 | Spider:3 | You add the spells Static Discharge, Vhi's Electric Charge
                  | and Arcjolt to your library.
 24101 | Slime:1  | Entered Level 1 of the Pits of Slime
 24193 | Slime:1  | Found a viscous altar of Jiyva.
 24232 | Slime:4  | Noticed an acid blob
 24233 | Slime:5  | Entered Level 5 of the Pits of Slime
 24252 | Slime:5  | Found a viscous altar of Jiyva.
 24252 | Slime:5  | Noticed an acid blob
 24253 | Slime:5  | Noticed an acid blob
 24253 | Slime:5  | Found the +7 lajatang of Order {silver, rMut}
 24253 | Slime:5  | Noticed the Royal Jelly
 24253 | Slime:5  | Noticed an acid blob
 24255 | Slime:5  | Noticed an acid blob
 24255 | Slime:5  | Noticed an acid blob
 24256 | Slime:5  | Noticed an acid blob
 24256 | Slime:5  | Noticed an acid blob
 24259 | Slime:5  | Identified the +1 pair of gloves of Mebif {rC+ Int+7 Dex-2}
 24260 | Slime:5  | You drop a +0 crystal plate armour {rare=g}.
 24277 | Slime:5  | You add the spells Searing Ray, Sticky Flame and
                  | Disjunction to your library.
 24277 | Slime:5  | Got the Precepts of the Blasted Jaunt
 24279 | Slime:5  | Identified the ring of the Greedy {Ice Drain rElec Str+2
                  | Int+3}
 24281 | Slime:5  | Noticed an acid blob
 24286 | Slime:5  | Found the +7 captain's cutlass {speed, disarm}
 24290 | Slime:5  | Found the +6 Majin-Bo {vamp, MP+6 Int+6}
 24297 | Slime:5  | Got a slimy rune of Zot
 24304 | Slime:5  | Identified the +5 lajatang "Ynaf" {freeze, Int+5}
 24324 | Slime:5  | Identified the +5 long sword of the Undead {flame, Str+2
                  | Dex+6}
 24341 | Slime:5  | Noticed an acid blob
 24439 | Slime:2  | Noticed an acid blob
 24737 | Spider:3 | Learned a level 5 spell: Yara's Violent Unravelling
 24773 | Spider:4 | Entered Level 4 of the Spider Nest
 24773 | Spider:4 | Gained mutation: You are covered in slimy tendrils that may
                  | disarm your opponents. [Jiyva's grace]
 24773 | Spider:4 | Gained mutation: You are resistant to electric shocks.
                  | (rElec) [Jiyva's grace]
 24773 | Spider:4 | Gained mutation: Your flesh is cold resistant. (rC+)
                  | [Jiyva's grace]
 24773 | Spider:4 | Gained mutation: Your flesh is very cold resistant. (rC++)
                  | [Jiyva's grace]
 24831 | Spider:4 | magus.rc [v1.9.6]
 24969 | Spider:4 | Reached skill level 15 in Unarmed Combat
 25115 | Spider:4 | Got a gossamer rune of Zot
 25192 | Spider:4 | Was forgiven by Dithmenos
 25330 | Spider:4 | Reached skill level 12 in Fighting
 25541 | Spider:4 | Reached XP level 18. HP: 54/98 MP: 16/29
 26078 | Swamp:1  | Identified the +6 shortbow of Amorality {heavy, *Corrode
                  | Will+ Int+6}
 26277 | Swamp:2  | Found a runed translucent gate.
 26278 | Swamp:2  | Found a runed translucent gate.
 26278 | Swamp:2  | Noticed reggie's ghost (journeyman DrHW)
 26291 | Swamp:2  | Found a runed translucent gate.
 26299 | Swamp:2  | Noticed a tentacled monstrosity
 26308 | Swamp:2  | Noticed Louise
 26314 | Swamp:2  | Killed Louise
 26315 | Swamp:2  | Reached skill level 16 in Unarmed Combat
 26556 | Swamp:2  | Noticed Kirke
 26571 | Swamp:2  | Killed Kirke
 26572 | Swamp:2  | Reached skill level 13 in Fighting
 26980 | Swamp:3  | Lost mutation: Your transparent skin significantly reduces
                  | your foes' accuracy. (Stealth+) [Jiyva's grace]
 26980 | Swamp:3  | Lost mutation: Your translucent skin reduces your foes'
                  | accuracy. (Stealth+) [Jiyva's grace]
 26980 | Swamp:3  | Lost mutation: You expend magic power (3 MP) to strengthen
                  | your wands. [Jiyva's grace]
 26980 | Swamp:3  | Gained mutation: You expend magic power (3 MP) to
                  | strengthen your wands. [Jiyva's grace]
 26980 | Swamp:3  | Gained mutation: You are partially covered in iridescent
                  | scales. (AC +2) [Jiyva's grace]
 26980 | Swamp:3  | Gained mutation: You are mostly covered in iridescent
                  | scales. (AC +4) [Jiyva's grace]
 26980 | Swamp:3  | Gained mutation: You are completely covered in iridescent
                  | scales. (AC +6) [Jiyva's grace]
 27438 | Swamp:4  | Entered Level 4 of the Swamp
 27438 | Swamp:4  | Noticed a tentacled monstrosity
 27448 | Swamp:4  | Killed a tentacled monstrosity
 27531 | Swamp:4  | Reached skill level 17 in Unarmed Combat
 27575 | Swamp:4  | Reached skill level 14 in Fighting
 27768 | Swamp:4  | Identified the +7 long sword of Untruth {heavy, Fragile
                  | rElec Int+9 Dex-2}
 27769 | Swamp:4  | Got a decaying rune of Zot
 28243 | Vaults:1 | Entered Level 1 of the Vaults
 28318 | Vaults:1 | Reached skill level 1 in Hexes
 28397 | Vaults:1 | Reached skill level 2 in Hexes
 28397 | Vaults:1 | Reached XP level 19. HP: 107/107 MP: 30/30
 28435 | Vaults:1 | Reached skill level 3 in Hexes
 28464 | Vaults:1 | Reached skill level 4 in Hexes
 28499 | Vaults:1 | Reached skill level 5 in Hexes
 28536 | Vaults:1 | Reached skill level 6 in Hexes
 28563 | Vaults:1 | Reached skill level 7 in Hexes
 28677 | Vaults:1 | Reached skill level 7 in Spellcasting
 28763 | Vaults:1 | Found Zovel's Jewellery Shop.
 28902 | Vaults:1 | Gained mutation: You have a pair of small horns on your
                  | head. [Jiyva's grace]
 28902 | Vaults:1 | Gained mutation: You have a pair of horns on your head.
                  | [Jiyva's grace]
 28902 | Vaults:1 | Gained mutation: You have a pair of large horns on your
                  | head. [Jiyva's grace]
 28902 | Vaults:1 | Gained mutation: Your muscles are strong. (Str +4, Int/Dex
                  | -1) [Jiyva's grace]
 28922 | Vaults:1 | Found a large runed translucent door.
 28924 | Vaults:1 | Found a large runed translucent door.
 28926 | Vaults:1 | Noticed Vivivvi's ghost (veteran DjCj)
 28949 | Vaults:1 | Reached skill level 8 in Spellcasting
 29295 | Vaults:1 | Killed Vivivvi's ghost
 29301 | Vaults:1 | You add the spells Iskenderun's Mystic Blast and Leda's
                  | Liquefaction to your library.
 29301 | Vaults:1 | Got the Papyrus of Assaults and Ill Luck
 29305 | Vaults:1 | You add the spells Silence and Discord to your library.
 29305 | Vaults:1 | Got Yqysipn's Encyclopedia of Imprecation
 29451 | Vaults:2 | Reached skill level 9 in Spellcasting
 29480 | Vaults:2 | Noticed Zenata
 29493 | Vaults:2 | Killed Zenata
 29901 | Vaults:2 | Reached skill level 10 in Spellcasting
 30188 | Vaults:2 | Reached skill level 11 in Spellcasting
 30239 | Vaults:2 | Found the +5 glaive of the Guard {elec, spectral, AC+5}
 30240 | Vaults:2 | Found the +9 scales of the Dragon King {rPois rF+ rC+
                  | Will+}
 30266 | Vaults:2 | Reached XP level 20. HP: 112/112 MP: 36/36
 30289 | Vaults:2 | You finish taking off your quicksilver dragon scales
                  | {rare}.
 30414 | Vaults:2 | Found Ikioderumy's Magic Scroll Boutique.
 30421 | Vaults:2 | You pick up a book of Geomancy and begin reading...
 30421 | Vaults:2 | You add the spells Sandblast, Passwall and Stone Arrow to
                  | your library.
 30597 | Vaults:3 | Lost mutation: You are completely covered in iridescent
                  | scales. (AC +6) [Jiyva's grace]
 30597 | Vaults:3 | Lost mutation: You are mostly covered in iridescent scales.
                  | (AC +4) [Jiyva's grace]
 30597 | Vaults:3 | Lost mutation: Your flesh is very cold resistant. (rC++)
                  | [Jiyva's grace]
 30597 | Vaults:3 | Lost mutation: Your muscles are strong. (Str +4, Int/Dex
                  | -1) [Jiyva's grace]
 30597 | Vaults:3 | Gained mutation: Your mind is acute. (Int +4, Str/Dex -1)
                  | [Jiyva's grace]
 30597 | Vaults:3 | Gained mutation: Your mind is very acute. (Int +8, Str/Dex
                  | -2) [Jiyva's grace]
 30597 | Vaults:3 | Gained mutation: You have sharp fingernails. [Jiyva's
                  | grace]
 30597 | Vaults:3 | Gained mutation: You have very sharp fingernails. [Jiyva's
                  | grace]
 30632 | Vaults:3 | You pick up a book of the Warp and begin reading...
 30632 | Vaults:3 | You add the spells Manifold Assault and Dispersal to your
                  | library.
 30739 | Vaults:3 | Reached skill level 12 in Armour
 30746 | Vaults:3 | Found a staircase to the Crypt.
 31407 | Vaults:3 | Noticed Frederick
 31415 | Vaults:3 | Killed Frederick
 31416 | Vaults:3 | Reached skill level 13 in Armour
 32071 | Vaults:4 | Reached skill level 14 in Armour
 32238 | Vaults:4 | Lost mutation: You have very sharp fingernails. [Jiyva's
                  | grace]
 32238 | Vaults:4 | Lost mutation: You have a pair of large horns on your head.
                  | [Jiyva's grace]
 32238 | Vaults:4 | Lost mutation: You possess an exceptional clarity of mind.
                  | [Jiyva's grace]
 32238 | Vaults:4 | Lost mutation: Your mind is very acute. (Int +8, Str/Dex
                  | -2) [Jiyva's grace]
 32238 | Vaults:4 | Lost mutation: Your translucent skin slightly reduces your
                  | foes' accuracy. (Stealth+) [Jiyva's grace]
 32238 | Vaults:4 | Lost mutation: You are covered in slimy tendrils that may
                  | disarm your opponents. [Jiyva's grace]
 32238 | Vaults:4 | Lost mutation: You expend magic power (3 MP) to strengthen
                  | your wands. [Jiyva's grace]
 32238 | Vaults:4 | Gained mutation: You have a pair of large horns on your
                  | head. [Jiyva's grace]
 32238 | Vaults:4 | Gained mutation: Your movements are slightly less
                  | encumbered by armour. (ER -2) [Jiyva's grace]
 32238 | Vaults:4 | Gained mutation: Your movements are less encumbered by
                  | armour. (ER -4) [Jiyva's grace]
 32238 | Vaults:4 | Gained mutation: Your movements are significantly less
                  | encumbered by armour. (ER -6) [Jiyva's grace]
 32240 | Vaults:4 | Identified the ring "Pesse" {rElec rPois rC+ rCorr Str+2}
 32362 | Vaults:4 | Reached skill level 11 in Transmutations
 32394 | Vaults:4 | Noticed a golden dragon
 32410 | Vaults:4 | Killed a golden dragon
 32448 | Vaults:4 | Reached XP level 21. HP: 116/116 MP: 37/37
 32475 | Vaults:4 | Reached skill level 12 in Transmutations
 33022 | Vaults:4 | Reached skill level 13 in Transmutations
 33083 | Vaults:5 | Entered Level 5 of the Vaults
 33308 | Vaults:5 | Reached skill level 14 in Transmutations
 33426 | Vaults:5 | Identified the ring "Daibasen" {EV+5 Dex+3 SInv Stlth+}
 33437 | Vaults:5 | Noticed a dread lich
 33449 | Vaults:5 | Killed a dread lich
 33477 | Vaults:5 | You pick up a book of Misfortune and begin reading...
 33487 | Vaults:5 | Found Fipot's Magic Scroll Shoppe.
 33501 | Vaults:5 | Reached skill level 18 in Unarmed Combat
 33501 | Vaults:5 | Bought a scroll of magic mapping for 135 gold pieces
 33581 | Vaults:5 | Reached skill level 15 in Fighting
 33600 | Vaults:5 | Identified the +8 trident of Guilt {flame, Dex+7}
 33800 | Vaults:5 | Reached XP level 22. HP: 100/116 MP: 30/38
 33843 | Vaults:5 | HP: 28/123 [deep elf annihilator/crystal spear (37)]
 33925 | Vaults:5 | You pick up a book of Death and begin reading...
 33925 | Vaults:5 | You add the spells Animate Dead, Haunt and Infestation to
                  | your library.
 33984 | Vaults:5 | You pick up a book of the Dragon and begin reading...
 33988 | Vaults:5 | You add the spells Wereblood and Ignite Poison to your
                  | library.
 33988 | Vaults:5 | Got the Atlas of Sculpting
 33992 | Vaults:5 | Learned a level 2 spell: Wereblood
 33995 | Vaults:5 | Got a silver rune of Zot
 34002 | Vaults:5 | E - +0 shadow dragon scales {rare}
 34018 | Vaults:5 | You drop +0 shadow dragon scales {rare}.
 34215 | Vaults:5 | Noticed a golden dragon
 34218 | Vaults:5 | You add the spells Summon Forest, Eringya's Noxious Bog and
                  | Summon Hydra to your library.
 34224 | Vaults:5 | Killed a golden dragon
 34598 | Vaults:5 | Reached skill level 16 in Fighting
 34598 | Vaults:5 | Reached skill level 19 in Unarmed Combat
 35319 | Spider:3 | Killed Agnes
 35320 | Spider:3 | Identified the ring of Hadya {Wiz rPois rN+ rCorr Str-4
                  | Stlth+}
 35659 | Vaults:2 | Bought a scroll of blinking for 97 gold pieces
 35659 | Vaults:2 | Bought a scroll of enchant armour for 97 gold pieces
 35893 | Elf:1    | Entered Level 1 of the Elven Halls
 36005 | Elf:1    | Paralysed by an air elemental for 1 turns
 36166 | Elf:1    | Acquired 899 gold pieces
 36280 | Elf:1    | You add the spells Call Imp, Summon Guardian Golem and
                  | Animate Armour to your library.
 36280 | Elf:1    | Got the Vademecum on Allies
 36416 | Elf:1    | Noticed Aizul
 36423 | Elf:1    | Killed Aizul
 36600 | Elf:2    | Found a crumbling gateway.
 36605 | Elf:2    | Identified a +1 robe of the Archmagi
 36612 | Elf:2    | Lost mutation: You are partially covered in iridescent
                  | scales. (AC +2) [Jiyva's grace]
 36612 | Elf:2    | Lost mutation: Your movements are significantly less
                  | encumbered by armour. (ER -6) [Jiyva's grace]
 36612 | Elf:2    | Gained mutation: Armour fits poorly on your pseudopods.
                  | [Jiyva's grace]
 36612 | Elf:2    | Gained mutation: Armour fits poorly on your large
                  | pseudopods. [Jiyva's grace]
 36612 | Elf:2    | Gained mutation: Armour fits poorly on your massive
                  | pseudopods. [Jiyva's grace]
 36612 | Elf:2    | Gained mutation: You are robust. (+10% HP) [Jiyva's grace]
 36627 | Desolati | Entered the Desolation of Salt
 36835 | Desolati | Reached skill level 17 in Fighting
 36862 | Desolati | Reached skill level 20 in Unarmed Combat
 37044 | Desolati | Identified the ring "Ykuzui" {Will+ Str+2 Int+3 Dex+6}
 37072 | Desolati | Identified the +1 robe "Zeabby" {*Corrode MP+9 Int+5}
 37074 | Desolati | Identified the ring "Enkoleri" {rF- rN++ rCorr Str+5}
 37078 | Desolati | Got the Guide on Lightning and Lamentation
 37104 | Desolati | Reached XP level 23. HP: 144/144 MP: 39/39
 37114 | Desolati | Identified the +9 flail of Reason {pain, rPois Str+4}
 37142 | Desolati | Identified the ring of the Scarab {rF+ Stlth+}
 37147 | Desolati | You add the spells Iron Shot and Shatter to your library.
 37147 | Desolati | Got the Discourse on Oromancy
 37595 | Elf:2    | Found a runed translucent gate.
 37596 | Elf:2    | Found a runed translucent gate.
 37596 | Elf:2    | Found a runed translucent gate.
 37692 | Elf:2    | Found a runed translucent door.
 37759 | Elf:3    | Entered Level 3 of the Elven Halls
 37834 | Elf:3    | Identified the +5 chain mail "Pintups" {Contam rC++ Int+7}
 38025 | Elf:3    | Lost mutation: You have a pair of large horns on your head.
                  | [Jiyva's grace]
 38025 | Elf:3    | Lost mutation: You have a pair of horns on your head.
                  | [Jiyva's grace]
 38025 | Elf:3    | Lost mutation: Your movements are less encumbered by
                  | armour. (ER -4) [Jiyva's grace]
 38025 | Elf:3    | Gained mutation: You have a small jelly attached to you
                  | that may absorb projectiles. [Jiyva's grace]
 38025 | Elf:3    | Gained mutation: Your system is resistant to poisons.
                  | (rPois) [Jiyva's grace]
 38025 | Elf:3    | Gained mutation: Your muscles are strong. (Str +4, Int/Dex
                  | -1) [Jiyva's grace]
 38025 | Elf:3    | Gained mutation: Your muscles are very strong. (Str +8,
                  | Int/Dex -2) [Jiyva's grace]
 38141 | Elf:3    | Reached skill level 18 in Fighting
 38238 | Elf:3    | Reached skill level 21 in Unarmed Combat
 38291 | Elf:3    | You pick up a book of Blood and begin reading...
 38295 | Elf:3    | You pick up a book of Flames and begin reading...
 38295 | Elf:3    | You add the spells Inner Flame and Flame Wave to your
                  | library.
 38303 | Elf:3    | Identified the +8 plate armour of Hixeloj {rElec rF+++
                  | Str-3 Stlth-}
 38329 | Elf:3    | Identified the +13 crystal plate armour of the Forest
                  | {rN++}
 38330 | Elf:3    | V - the +13 crystal plate armour of the Forest {rN++,
                  | rare=g}
 38345 | Elf:3    | You pick up a book of Transfigurations {@e2} and begin
                  | reading...
 38371 | Elf:3    | Identified the +8 quarterstaff of Zosung {chaos, Fragile
                  | Str+8}
 38438 | Elf:3    | Identified the +6 plate armour "Dyarut" {rC- Dex+4 SInv}
 38449 | Elf:3    | You pick up a book of Rime and begin reading...
 38449 | Elf:3    | You add the spells Frozen Ramparts, Ice Form and Summon Ice
                  | Beast to your library.
 38452 | Elf:3    | Got the Compilation of Charred Unholy Ceremonies
 38453 | Elf:3    | Identified the +10 morningstar of Wrongful Imprisonment
                  | {spect, rElec Str+6}
 38540 | Elf:3    | You drop quicksilver dragon scales {rare}.
 38541 | Elf:3    | You drop the +13 crystal plate armour of the Forest {rN++,
                  | rare=g}.
 38794 | Depths:1 | Entered Level 1 of the Depths
 39100 | Depths:1 | Found a one-way gate leading to the halls of Pandemonium.
 39214 | Depths:1 | Found a gateway to Hell.
 39441 | Depths:1 | Reached skill level 15 in Transmutations
 39465 | Depths:1 | Identified the +2 halberd of a Gauntlet {flame, Fragile
                  | rElec Will+++ Str+5}
 39734 | Depths:1 | magus.rc [v1.9.6]
 39824 | Depths:2 | Reached skill level 11 in Dodging
 39865 | Depths:2 | Noticed MackTheKnife's ghost (adept DEWn)
 39866 | Depths:2 | Found a transporter.
 39868 | Depths:2 | Identified the +5 great mace of Ruiqushro {freeze, rPois
                  | Will+ Dex+2}
 39933 | Depths:2 | Reached XP level 24. HP: 152/152 MP: 39/39
 40028 | Depths:2 | Reached skill level 16 in Transmutations
 40178 | Depths:2 | Reached skill level 12 in Dodging
 40216 | Depths:2 | Lost mutation: You have a pair of small horns on your head.
                  | [Jiyva's grace]
 40216 | Depths:2 | Lost mutation: Your flesh is cold resistant. (rC+) [Jiyva's
                  | grace]
 40216 | Depths:2 | Lost mutation: Your system is resistant to poisons. (rPois)
                  | [Jiyva's grace]
 40216 | Depths:2 | Lost mutation: Your muscles are very strong. (Str +8,
                  | Int/Dex -2) [Jiyva's grace]
 40216 | Depths:2 | Lost mutation: Your movements are slightly less encumbered
                  | by armour. (ER -2) [Jiyva's grace]
 40216 | Depths:2 | Gained mutation: You are partially covered in iridescent
                  | scales. (AC +2) [Jiyva's grace]
 40216 | Depths:2 | Gained mutation: You are mostly covered in iridescent
                  | scales. (AC +4) [Jiyva's grace]
 40216 | Depths:2 | Gained mutation: You are completely covered in iridescent
                  | scales. (AC +6) [Jiyva's grace]
 40216 | Depths:2 | Gained mutation: Your translucent skin slightly reduces
                  | your foes' accuracy. (Stealth+) [Jiyva's grace]
 40379 | Depths:2 | Reached skill level 17 in Transmutations
 40497 | Depths:2 | Got the Volume of Dusty Anathema
 40636 | Depths:2 | Found a transporter.
 40726 | Depths:3 | Reached skill level 13 in Dodging
 40826 | Depths:3 | Found a one-way gateway to a ziggurat.
 40901 | Depths:3 | Reached skill level 18 in Transmutations
 40974 | Depths:3 | Reached skill level 14 in Dodging
 41010 | Depths:3 | Found a one-way gate to the infinite horrors of the Abyss.
 41015 | Depths:3 | You pick up a book of Storms and begin reading...
 41110 | Depths:3 | Found a corrupted altar of Lugonu.
 41331 | Depths:3 | Found a transporter.
 41333 | Depths:3 | Found a transporter.
 41403 | Depths:4 | Entered Level 4 of the Depths
 41532 | Depths:4 | Reached skill level 15 in Dodging
 41549 | Depths:4 | Found a portal to a secret trove of treasure.
 41561 | Depths:4 | This trove needs +4 fire dragon scales to function. Give it
                  | the item?
 41561 | Depths:4 | This trove needs +4 fire dragon scales to function. Give it
                  | the item?
 41561 | Depths:4 | This trove needs +4 fire dragon scales to function. Give it
                  | the item?
 41664 | Depths:4 | Identified the +0 scale mail of the Saviour {Fly rF- rN++}
 41690 | Depths:4 | Found a gate to the Realm of Zot.
 41714 | Depths:4 | Found a transporter.
 41721 | Depths:4 | Noticed a caustic shrike
 41721 | Depths:4 | Noticed a caustic shrike
 41722 | Depths:4 | Noticed a caustic shrike
 41732 | Depths:4 | Killed a caustic shrike
 41734 | Depths:4 | HP: 33/152 [ettin/+0 dire flail (16)]
 41734 | Depths:4 | HP: 14/152 [ice dragon/blast of cold (11)]
 41788 | Zot:1    | Entered Level 1 of the Realm of Zot
 41807 | Zot:1    | Identified the ring "Qagen" {Int-4 Dex+7 Slay+4}
 41880 | Zot:1    | Noticed an orb of fire
 41896 | Zot:1    | Killed an orb of fire
 42057 | Zot:3    | Noticed an electric golem
 42062 | Zot:3    | Killed an electric golem
 42074 | Zot:2    | Lost mutation: You are completely covered in iridescent
                  | scales. (AC +6) [Jiyva's grace]
 42074 | Zot:2    | Lost mutation: You are mostly covered in iridescent scales.
                  | (AC +4) [Jiyva's grace]
 42074 | Zot:2    | Lost mutation: You are resistant to electric shocks.
                  | (rElec) [Jiyva's grace]
 42074 | Zot:2    | Lost mutation: Armour fits poorly on your massive
                  | pseudopods. [Jiyva's grace]
 42074 | Zot:2    | Lost mutation: Armour fits poorly on your large pseudopods.
                  | [Jiyva's grace]
 42074 | Zot:2    | Lost mutation: Armour fits poorly on your pseudopods.
                  | [Jiyva's grace]
 42074 | Zot:2    | Lost mutation: You have a small jelly attached to you that
                  | may absorb projectiles. [Jiyva's grace]
 42074 | Zot:2    | Gained mutation: Your body has grown eyes which may confuse
                  | attackers. (Acc +3) [Jiyva's grace]
 42074 | Zot:2    | Gained mutation: Your body has grown many eyes which may
                  | confuse attackers. (Acc +5) [Jiyva's grace]
 42074 | Zot:2    | Gained mutation: Your body is covered in eyes which may
                  | confuse attackers. (Acc +7, SInv) [Jiyva's grace]
 42074 | Zot:2    | Gained mutation: You are somewhat resistant to further
                  | mutation. [Jiyva's grace]
 42080 | Zot:3    | Noticed Vadaph's ghost (master TrAr)
 42080 | Zot:3    | Found a runed translucent door.
 42080 | Zot:3    | Found a shimmering altar of Xom.
 42138 | Zot:4    | Reached XP level 25. HP: 157/157 MP: 38/39
 42140 | Zot:5    | Entered Level 5 of the Realm of Zot
 42140 | Zot:5    | Noticed a curse toe
 42148 | Zot:5    | Killed a curse toe
 42149 | Zot:5    | Reached skill level 16 in Dodging
 42364 | Zot:5    | Noticed a dread lich
 42367 | Zot:5    | Killed a dread lich
 42368 | Zot:5    | Noticed a dread lich
 42380 | Zot:5    | Killed a dread lich
 42456 | Zot:5    | Reached skill level 17 in Dodging
 42475 | Zot:5    | Noticed a curse toe
 42497 | Zot:5    | Killed a curse toe
 42545 | Zot:5    | Noticed an orb of fire
 42562 | Zot:5    | Killed an orb of fire
 42569 | Zot:5    | Noticed an orb of fire
 42569 | Zot:5    | Noticed an orb of fire
 42582 | Zot:5    | Killed an orb of fire
 42587 | Zot:5    | Killed an orb of fire
 42612 | Zot:5    | Noticed an orb of fire
 42612 | Zot:5    | Noticed an ancient lich
 42612 | Zot:5    | Noticed a Killer Klown
 42619 | Zot:5    | Killed an orb of fire
 42621 | Zot:5    | Noticed a Killer Klown
 42622 | Zot:5    | Noticed a Killer Klown
 42626 | Zot:5    | Noticed a Killer Klown
 42630 | Zot:5    | Killed an ancient lich
 42631 | Zot:5    | Reached skill level 18 in Dodging
 42633 | Zot:5    | Killed a Killer Klown
 42649 | Zot:5    | Killed a Killer Klown
 42652 | Zot:5    | Killed a Killer Klown
 42661 | Zot:5    | Killed a Killer Klown
 42688 | Zot:5    | Noticed an orb of fire
 42698 | Zot:5    | Killed an orb of fire
 42718 | Zot:5    | +0 shadow dragon scales {rare}; a shadow dragon corpse
 42725 | Zot:5    | +0 storm dragon scales {rare}; a storm dragon corpse
 42748 | Zot:5    | Noticed an orb of fire
 42748 | Zot:5    | Noticed an electric golem
 42761 | Zot:5    | +0 shadow dragon scales {rare}; a shadow dragon corpse
 42804 | Zot:5    | Killed an orb of fire
 42815 | Zot:5    | Killed an electric golem
 42932 | Zot:5    | Reached XP level 26. HP: 86/163 MP: 35/39
 42950 | Zot:5    | Noticed an ancient lich
 42953 | Zot:5    | Killed an ancient lich
 42965 | Zot:5    | Got the Orb of Zot
 43276 | D:15     | Reached skill level 19 in Fighting
 43556 | D:$      | Escaped with the Orb!

Vanquished Creatures
  3 dread liches
  2 ancient liches (Zot:5)
  7 orbs of fire
  Frederick (Vaults:3)
  A caustic shrike (Depths:4)
  4 Killer Klowns (Zot:5)
  2 curse toes (Zot:5)
  The ghost of Vivivvi the Tortoise, a veteran DjCj of Ashenzari (Vaults:1)
  4 golden dragons
  2 bone dragons (Depths:4)
  2 electric golems
  A Tzitzimitl (D:15)
  A Hell Sentinel (D:15)
  Jorgrun (Spider:1)
  Zenata (Vaults:2)
  6 liches
  4 titans (Vaults:5)
  13 tentacled monstrosities
  4 deep elf blademasters (Elf:3)
  25 Orb Guardians
  3 quicksilver dragons
  2 deep elf master archers (Elf:3)
  3 sphinxes
  Kirke (Swamp:2)
  Agnes (Spider:3)
  3 thorn hunters
  Gastronok (D:8)
  3 shadow dragons
  5 tengu reavers
  3 storm dragons (Zot:5)
  A death cob (Zot:2)
  A draconian knight (Zot:5)
  A fenstrider witch (Swamp:4)
  2 draconian monks (Zot:5)
  3 fire giants
  4 balrugs
  4 emperor scorpions
  2 imperial myrmidons (Desolation)
  11 deep elf sorcerers
  19 vault wardens
  4 ghost moths
  Louise (Swamp:2)
  3 frost giants
  3 draconian scorchers
  Aizul (Elf:1)
  4 draconian shifters
  6 orc warlords
  4 deep elf elementalists (Elf:3)
  4 broodmothers
  2 draconian annihilators
  25 very ugly things
  9 ironbound thunderhulks
  4 war gargoyles
  A reaper (Depths:1)
  16 stone giants
  2 draconian stormcallers
  21 ironbound preservers
  7 deep elf demonologists
  2 vampire knights
  2 black draconians
  3 green draconians
  14 dire elephants
  4 eleionomae
  7 deep elf annihilators
  8 spark wasps
  5 white draconians
  3 halazid warlocks (Desolation)
  10 purple draconians
  A red draconian (Zot:5)
  4 bunyips
  7 yellow draconians
  A green death (Zot:5)
  4 fire dragons
  4 deep elf death magi
  3 crystal guardians
  14 ettins
  3 jiangshi (Depths:2)
  5 deep elf high priests
  12 peacekeepers
  8 entropy weavers
  8 ragged hierophants (Desolation)
  9 yaktaur captains
  17 hydras
  5 ice dragons
  2 radroaches (Spider:4)
  32 vault guards
  2 shambling mangroves (Swamp:4)
  3 rakshasas
  A hell beast (Depths:1)
  9 servants of whispers (Desolation)
  3 ghost crabs
  6 ironbound frosthearts
  15 boulder beetles
  An ogre mage (D:15)
  2 catoblepae (Lair:5)
  9 centaur warriors
  3 jorogumos
  14 two-headed ogres
  4 spriggan air magi
  10 dancing weapons
  3 deep troll earth magi
  5 deep troll shamans
  7 alligators
  12 death yaks
  2 death scarabs (Spider:3)
  3 tengu warriors
  3 vampire magi
  5 orc high priests
  3 spriggan berserkers
  A soul eater (Depths:1)
  10 hell knights
  3 sun demons
  10 deep elf knights
  8 skeletal warriors (Vaults:3)
  10 pharaoh ants
  Amaemon (D:11)
  A shadow wraith (Vaults:5)
  75 deep trolls
  4 sun moths
  5 goliath frogs
  3 sixfirhies
  6 iron trolls
  4 shadow demons
  2 orange crystal statues
  7 orb spiders
  19 ironbound convokers
  11 steelbarb worms
  12 swamp dragons
  A spriggan druid (Swamp:4)
  8 lindwurms
  11 deep elf archers
  6 bog bodies
  3 wizards
  Pikel (D:4)
  23 deep elf zephyrmancers
  An obsidian statue (Depths:1)
  21 orc knights
  2 phantasmal warriors
  21 deep elf pyromancers
  3 harpies (Vaults:3)
  4 necromancers
  A tengu skeleton (Vaults:3)
  45 ugly things
  15 wolf spiders
  A manticore (D:12)
  A will-o-the-wisp (Swamp:4)
  4 orc sorcerers
  9 moths of wrath
  6 cyclopes
  4 guardian serpents (Desolation)
  14 elephants
  18 vault sentinels
  A rust devil (D:15)
  7 black mambas
  A frost giant skeleton (Vaults:3)
  A molten gargoyle (Desolation)
  8 cane toads
  A smoke demon (Depths:1)
  7 torpor snails
  A fire giant skeleton (Vaults:3)
  8 demonic crawlers
  Maggie (D:8)
  2 hellions (Zot:1)
  An unseen horror (D:12)
  2 orange demons
  Psyche (D:12)
  9 rime drakes
  3 kobold demonologists
  33 yaktaurs
  3 freezing wraiths (Vaults:5)
  4 komodo dragons
  2 efreet (D:13)
  An ice devil (Zot:5)
  A queen bee (Spider:4)
  3 tengu conjurers
  A polar bear (Lair:1)
  A wolf spider simulacrum (D:15)
  2 hornets (shapeshifter)
  9 meliai
  13 hornets
  8 trolls
  10 tyrant leeches
  35 tarantellas
  71 saltlings
  Grinder (D:5)
  23 dream sheep
  18 blink frogs
  An elf skeleton (Vaults:3)
  An ettin skeleton (Vaults:3)
  3 air elementals
  20 jumping spiders
  14 culicivoras
  A ynoxinul (Depths:1)
  11 shadows
  A culicivora (shapeshifter) (Elf:2)
  42 yaks
  8 spriggans
  6 water elementals
  3 wyverns
  4 fire elementals
  3 wraiths
  2 hogs (shapeshifter)
  3 basilisks
  4 hogs (Swamp:2)
  2 neqoxecs (Depths:1)
  A chaos spawn (Depths:1)
  10 humans (D:14)
  53 redbacks
  5 wargs
  4 acid dragons
  16 swamp worms
  15 water moccasins
  Duvessa (D:7)
  A glowing shapeshifter skeleton (Vaults:3)
  An ogre skeleton (Vaults:3)
  8 swamp drakes
  A sky beast (D:6)
  35 orc warriors
  11 black bears
  11 wolves
  4 boggarts
  9 ogres
  15 centaurs
  5 kobold brigands
  2 lemures (D:4)
  16 bullfrogs
  3 human skeletons (Vaults:3)
  2 necrophages
  2 gnoll sergeants
  3 scorpions
  An earth elemental (Elf:1)
  5 wights
  Dowan (D:7)
  17 killer bees
  5 howler monkeys
  7 jellies
  21 orc priests
  A hound (D:5)
  23 orc wizards
  3 iguanas
  Robin (D:4)
  15 gnolls
  7 adders
  2 shadow imps (D:6)
  A white imp (D:5)
  An ufetubus (D:6)
  2 worms
  6 dart slugs
  74 orcs
  3 ball pythons
  5 bats
  5 endoplasms
  A giant cockroach (D:4)
  26 goblins
  27 hobgoblins
  20 kobolds
  4 quokkas
  3 frilled lizards
  A goblin zombie (D:8)
  A quokka zombie (D:8)
  5 rats
  3 briar patches
1965 creatures vanquished.

Vanquished Creatures (collateral kills)
  A Tzitzimitl (Spider:1)
  A sphinx (Vaults:2)
  A vault warden (Vaults:2)
  A stone giant (Vaults:2)
  A deep elf annihilator (Vaults:5)
  A spark wasp (Spider:4)
  A deep elf high priest (Elf:3)
  A yaktaur captain (Vaults:2)
  2 radroaches
  A death yak (Lair:5)
  An orb spider (Spider:2)
  2 steelbarb worms
  A deep elf zephyrmancer (Elf:3)
  A wolf spider (Spider:4)
  A culicivora (Spider:1)
  A redback (Spider:1)
  A killer bee (Spider:4)
  An iguana (D:4)
20 creatures vanquished.

Vanquished Creatures (others)
  A tentacled monstrosity (Zot:1)
  An ironbound thunderhulk (Vaults:4)
  An entropy weaver (Vaults:4)
  4 great orbs of eyes
  A vault guard (Vaults:4)
  An ogre mage (Vaults:5)
  6 centaur warriors
  A wretched star (Depths:3)
  A sun moth (Spider:4)
  5 glowing orange brains
  A deep troll (Vaults:2)
  A swamp dragon (shapeshifter) (Depths:4)
  3 ironbound convokers
  2 orc knights
  A wizard (D:10)
  An orc sorcerer (D:15)
  A black mamba (shapeshifter) (Vaults:5)
  A yaktaur (Vaults:4)
  A yaktaur (shapeshifter) (D:12)
  A bloated husk (Swamp:2)
  2 tarantellas
  A troll (D:12)
  A queen bee (shapeshifter) (Depths:4)
  A merfolk (shapeshifter) (Depths:3)
  2 dream sheep (shapeshifter)
  40 slime creatures
  A hog (Swamp:2)
  6 humans (D:14)
  A redback (Vaults:4)
  An orc warrior (D:15)
  A black bear (shapeshifter) (Depths:3)
  A centaur (D:15)
  An ogre (D:15)
  A kobold brigand (D:9)
  A killer bee (Spider:4)
  175 jellies
  An orc priest (D:15)
  An orc wizard (D:15)
  2 orcs
  A briar patch (Swamp:4)
  8 foxfires (Swamp:4)
  67 fungi
  12 pillars of salt (Orc:2)
  101 plants
464 creatures vanquished.

Grand Total: 2449 creatures vanquished

Table legend:
 A = Non-vault XP
 B = Vault XP
 C = Vault XP percentage of total XP
 D = Non-vault monster count
 E = Vault monster count
 F = Vault count percentage of total count
                 A         B        C        D         E       F
            +---------+---------+-------+---------+---------+-------
      Total |  590949 |  530359 |  47.3 |    1202 |     753 |  38.5
            +---------+---------+-------+---------+---------+-------
        D:1 |      40 |       0 |   0.0 |      24 |       0 |   0.0
        D:2 |      58 |       0 |   0.0 |      17 |       0 |   0.0
        D:3 |     162 |       0 |   0.0 |      12 |       0 |   0.0
        D:4 |     369 |     680 |  64.8 |      22 |      14 |  38.9
        D:5 |     574 |     272 |  32.2 |      17 |       1 |   5.6
        D:6 |    1107 |       0 |   0.0 |      30 |       0 |   0.0
        D:7 |    1169 |     211 |  15.3 |      34 |       2 |   5.6
        D:8 |    1570 |    1860 |  54.2 |      16 |       6 |  27.3
        D:9 |    4069 |    4215 |  50.9 |      25 |      20 |  44.4
       D:10 |    2104 |     377 |  15.2 |      15 |       3 |  16.7
       D:11 |    2769 |    3793 |  57.8 |      19 |      15 |  44.1
       D:12 |    4517 |    4354 |  49.1 |      10 |       9 |  47.4
       D:13 |    8053 |       0 |   0.0 |      16 |       0 |   0.0
       D:14 |    4479 |    3226 |  41.9 |       7 |      13 |  65.0
       D:15 |   13389 |    3960 |  22.8 |      26 |       6 |  18.8
     Lair:1 |    2305 |     295 |  11.3 |       9 |       2 |  18.2
     Lair:2 |    7658 |     425 |   5.3 |      20 |       2 |   9.1
     Lair:3 |    7575 |     226 |   2.9 |      31 |       1 |   3.1
     Lair:4 |    7893 |    4370 |  35.6 |      26 |       9 |  25.7
     Lair:5 |   13862 |   12056 |  46.5 |      41 |      32 |  43.8
    Swamp:1 |    7089 |       0 |   0.0 |      18 |       0 |   0.0
    Swamp:2 |   13107 |    3897 |  22.9 |      22 |       9 |  29.0
    Swamp:3 |    8666 |       0 |   0.0 |      16 |       0 |   0.0
    Swamp:4 |   16852 |   17716 |  51.2 |      24 |      27 |  52.9
   Spider:1 |   18571 |    1886 |   9.2 |      51 |       1 |   1.9
   Spider:2 |   17544 |    4524 |  20.5 |      42 |       6 |  12.5
   Spider:3 |   14883 |    6190 |  29.4 |      41 |      12 |  22.6
   Spider:4 |   24215 |   15812 |  39.5 |      50 |      35 |  41.2
      Orc:1 |    2199 |       0 |   0.0 |      25 |       0 |   0.0
      Orc:2 |    2481 |   14844 |  85.7 |      30 |      41 |  57.7
      Elf:1 |    9918 |   10129 |  50.5 |      19 |      18 |  48.6
      Elf:2 |   14424 |    6266 |  30.3 |      24 |      10 |  29.4
      Elf:3 |   14965 |   33360 |  69.0 |      23 |      28 |  54.9
   Vaults:1 |   25487 |   18570 |  42.1 |      33 |      26 |  44.1
   Vaults:2 |   22285 |   20038 |  47.3 |      28 |      20 |  41.7
   Vaults:3 |   29883 |   21125 |  41.4 |      39 |      30 |  43.5
   Vaults:4 |   37839 |   38446 |  50.4 |      52 |      50 |  49.0
   Vaults:5 |   27994 |   79104 |  73.9 |      45 |      71 |  61.2
   Depths:1 |   15212 |   24359 |  61.6 |      24 |      31 |  56.4
   Depths:2 |   49210 |    3774 |   7.1 |      61 |       3 |   4.7
   Depths:3 |   36689 |    1026 |   2.7 |      38 |       1 |   2.6
   Depths:4 |   17580 |   10172 |  36.7 |      16 |       8 |  33.3
      Zot:1 |   14624 |    3064 |  17.3 |       9 |       4 |  30.8
      Zot:2 |    8165 |       0 |   0.0 |       8 |       0 |   0.0
      Zot:3 |    4255 |    1171 |  21.6 |       3 |       1 |  25.0
      Zot:4 |    1858 |       0 |   0.0 |       1 |       0 |   0.0
      Zot:5 |   51232 |  100030 |  66.1 |      43 |      38 |  46.9
     Bailey |       0 |    4139 | 100.0 |       0 |      46 | 100.0
 Desolation |       0 |   50397 | 100.0 |       0 |     102 | 100.0
            +---------+---------+-------+---------+---------+-------

Illustrated notes

Table legend:
 A = Kills in this place as a percentage of kills in entire the game.
 B = Kills by you in this place as a percentage of kills by you in the entire game.
 C = Kills by friends in this place as a percentage of kills by friends in the entire game.
 D = Other kills in this place as a percentage of other kills in the entire game.
 E = Experience gained in this place as a percentage of experience gained in the entire game.
 F = Experience gained in this place divided by the number of levels of this place that you have seen.
                   A       B       C       D       E      F
               +-------+-------+-------+-------+-------+----------------------
         Total | 100.0 | 100.0 | 100.0 | 100.0 | 100.0 | 21056.6
       Dungeon |  19.6 |  19.8 |   5.3 |  11.8 |   6.7 | 5054.9
          Lair |   8.8 |   8.9 |   5.3 |   0.0 |   5.0 | 11333.0
         Swamp |   5.9 |   6.0 |   0.0 |   0.0 |   5.9 | 16831.8
   Spider Nest |  12.1 |  11.7 |  52.6 |   5.9 |   9.1 | 25906.2
  Orcish Mines |   4.9 |   5.0 |   0.0 |   0.0 |   1.7 | 9762.0
   Elven Halls |   6.2 |   6.2 |  10.5 |   0.0 |   7.8 | 29687.3
        Vaults |  20.0 |  19.5 |  26.3 |  76.5 |  28.2 | 64154.2
        Depths |   9.2 |   9.4 |   0.0 |   0.0 |  13.9 | 39505.5
           Zot |   5.8 |   5.9 |   0.0 |   5.9 |  16.9 | 38340.6
        Bailey |   2.3 |   2.4 |   0.0 |   0.0 |   0.4 | 4139.0
    Desolation |   5.2 |   5.3 |   0.0 |   0.0 |   4.4 | 50397.0
               +-------+-------+-------+-------+-------+----------------------

Table legend: (Time is in decaauts)
 A = Elapsed time spent in this place.
 B = Non-inter-level travel time spent in this place.
 C = Inter-level travel time spent in this place.
 D = Time resting spent in this place.
 E = Time spent auto-exploring this place.
 F = Levels seen in this place.
 G = Mean time per level.
                   A        B        C        D        E       F      G
               +--------+--------+--------+--------+--------+-----+--------+
         Total |  42285 |  38010 |   4275 |   1892 |  24725 |  54 |  783.1 |
       Dungeon |  14074 |  12402 |   1672 |    659 |   8583 |  15 |  938.3 |
          Lair |   5919 |   5135 |    784 |    199 |   3743 |   5 | 1183.8 |
         Swamp |   2329 |   2216 |    113 |     42 |   1457 |   4 |  582.2 |
   Spider Nest |   4172 |   3583 |    589 |    334 |   2220 |   4 | 1043.0 |
    Slime Pits |    356 |    259 |     97 |      0 |    115 |   5 |   71.2 |
  Orcish Mines |   1526 |   1388 |    138 |     88 |    915 |   2 |  763.0 |
   Elven Halls |   2081 |   1937 |    144 |     21 |   1273 |   3 |  693.7 |
        Vaults |   6603 |   6103 |    500 |    304 |   4032 |   5 | 1320.6 |
        Depths |   2950 |   2744 |    206 |     31 |   2010 |   4 |  737.5 |
           Zot |   1203 |   1174 |     29 |    157 |     14 |   5 |  240.6 |
        Bailey |    561 |    561 |      0 |     44 |    155 |   1 |  561.0 |
    Desolation |    505 |    505 |      0 |     12 |    208 |   1 |  505.0 |
               +--------+--------+--------+--------+--------+-----+--------+

Top non-repeatable levels by time:
Spider:1: 1627 daAuts
    D:11: 1468 daAuts
    D:13: 1458 daAuts
Vaults:4: 1426 daAuts
Vaults:5: 1360 daAuts
Vaults:3: 1331 daAuts
Vaults:2: 1296 daAuts
  Lair:2: 1296 daAuts
  Lair:4: 1293 daAuts
  Lair:5: 1245 daAuts
Vaults:1: 1187 daAuts
  Lair:3: 1175 daAuts
     D:4: 1128 daAuts
     D:6: 1064 daAuts
   Orc:2: 1022 daAuts
